Map: Pillars of Gold LE

Players

seRRal

  • Race: Zerg Zerg
  • Spawn Location: 7:00

Stats - Winner!

  • Race: Protoss Protoss
  • Spawn Location: 1:00

Event: StayAtHome Story Cup #3

VOD

Have the link to the VOD?

Description

Time

  • Played on: March 14, 2021, 4:20 p.m.
  • Length: 10:30

All games in this series

Show
View Real Time Build Order
Export as new Build Order

seRRal Zerg 

Build Orders: Hatch First 

Get SALT Encoding   

  12  0:00  Drone  
  13  0:12  Overlord  
  13  0:17  Drone  
  14  0:31  Drone x2  
  16  0:46  Drone  
  17  0:53  Hatchery  
  16  0:57  Drone  
  16  1:01  Drone  
  18  1:10  Extractor  
  17  1:15  Spawning Pool  
  16  1:19  Drone  
  16  1:22  Drone  
  18  1:28  Drone  
  20  1:40  Drone  
  20  1:49  Overlord  
  20  2:03  Queen  
  20  2:05  Queen  
  20  2:06  Zergling x4  
  26  2:10  Metabolic Boost  
  26  2:14  Drone  
  27  2:18  Drone  
  27  2:22  Drone  
  29  2:27  Drone  
  30  2:33  Drone  
  31  2:37  Drone  
  32  2:45  Hatchery  
  31  2:51  Queen  
  31  2:55  Overlord  
  33  3:00  Zergling x2  
  33  3:02  Drone x2  
  36  3:15  Zergling x4  
  36  3:18  Drone x2  
  36  3:19  Overlord  
  40  3:22  Queen  
  42  3:27  Overlord  
  42  3:30  Drone x2  
  44  3:34  Drone  
  44  3:38  Drone  
  45  3:43  Overlord  
  45  3:44  Drone x3  
  46  3:53  Zergling x2  
  46  3:54  Drone  
  48  3:59  Spore Crawler  
  48  4:02  Queen  
  49  4:04  Spore Crawler  
  49  4:05  Zergling x2  
  49  4:07  Drone x2  
  51  4:11  Drone x2  
  51  4:12  Drone  
  51  4:13  Drone  
  55  4:19  Overlord  
  55  4:20  Drone  
  55  4:21  Drone x2  
  58  4:25  Queen  
  60  4:31  Roach Warren  
  60  4:35  Drone x2  
  60  4:38  Drone x3  
  63  4:39  Drone  
  63  4:44  Extractor  
  63  4:45  Extractor  
  62  4:46  Spore Crawler  
  62  4:47  Drone x2  
  62  4:50  Overlord  
  63  4:54  Overlord  
  63  4:55  Zergling x4  
  65  5:00  Lair  
  65  5:06  Queen  
  67  5:08  Queen  
  69  5:19  Roach x5  
  79  5:25  Roach x3  
  85  5:30  Roach x2  
  85  5:32  Overlord  
  85  5:34  Overlord  
  89  5:40  Overlord  
  89  5:51  Ravager  
  89  5:52  Ravager x2  
  89  5:53  Zergling x16  
  100  6:00  Zergling x8  
  103  6:09  Zergling x12  
  108  6:15  Ravager  
  107  6:22  Drone x6  
  105  6:28  Ravager  
  105  6:31  Drone x4  
  103  6:35  Zergling x6  
  103  6:39  Extractor x2  
  104  6:43  Zergling x6  
  101  6:50  Queen x2  
  104  6:56  Evolution Chamber  
  104  6:57  Evolution Chamber  
  99  7:03  Roach x2  
  99  7:07  Drone x4  
  104  7:18  Drone x3  
  104  7:21  Drone  
  94  7:26  Drone x2  
  92  7:40  Roach x2  
  92  7:41  Roach  
  98  7:47  Lair  
  98  7:57  Roach x3  
  100  8:07  Hatchery  
  99  8:16  Zerg Missile Weapons Level 1, Overlord x3  
  99  8:26  Roach  
  99  8:27  Roach x3  
  107  8:38  Roach x4  
  107  8:39  Roach  
  117  8:45  Glial Reconstitution  
  117  8:53  Zergling x8  
  121  8:58  Overlord  
  121  8:59  Roach x2  
  121  9:00  Zergling x2  
  121  9:02  Ravager  
  127  9:05  Overlord  
  127  9:07  Ravager  
  128  9:10  Zergling x6  
  128  9:16  Zergling x4  
  131  9:22  Zergling x4  
  125  9:26  Ravager x2  
  125  9:27  Ravager  
  126  9:35  Roach x5  
  136  9:43  Roach x3  
  142  9:48  Zergling x6  
  144  9:57  Zergling x4, Roach x3  
  152  10:04  Roach  
  152  10:05  Zergling x2, Roach x2  
Show
View Real Time Build Order
Export as new Build Order

Stats Protoss - Winner!

Build Orders: 1 Gate Expand, Oracle Opening 

Get SALT Encoding   

  12  0:00  Probe  
  13  0:12  Probe  
  14  0:20  Pylon  
  14  0:24  Probe  
  15  0:38  Probe (Chrono Boost)  
  16  0:44  Gateway  
  16  0:48  Probe (Chrono Boost)  
  17  0:50  Assimilator  
  17  0:53  Probe (Chrono Boost)  
  18  1:05  Probe  
  19  1:17  Probe  
  20  1:30  Nexus  
  20  1:38  Cybernetics Core  
  20  1:41  Probe  
  21  1:48  Assimilator  
  21  1:53  Probe  
  22  1:58  Pylon  
  22  2:05  Probe  
  23  2:14  Adept (Chrono Boost)  
  23  2:17  Probe  
  23  2:22  Stargate  
  27  2:30  Probe  
  27  2:31  Warp Gate  
  27  2:37  Adept (Chrono Boost)  
  27  2:43  Probe (Chrono Boost)  
  31  2:47  Probe (Chrono Boost)  
  32  2:52  Probe (Chrono Boost)  
  32  2:55  Probe (Chrono Boost)  
  32  2:57  Probe (Chrono Boost)  
  33  3:01  Void Ray (Chrono Boost)  
  33  3:02  Adept  
  36  3:06  Probe  
  41  3:13  Probe  
  41  3:18  Probe  
  41  3:19  Pylon  
  43  3:29  Gateway  
  43  3:34  Probe x2  
  43  3:38  Oracle (Chrono Boost)  
  48  3:48  Probe x2  
  48  3:50  Pylon  
  50  4:01  Probe x2  
  52  4:03  Twilight Council  
  52  4:10  Nexus  
  52  4:13  Pylon  
  52  4:19  Gateway  
  52  4:24  Gateway  
  52  4:27  Probe x2  
  52  4:30  Resonating Glaives (Chrono Boost)  
  54  4:36  Adept x2  
  58  4:42  Probe x2  
  58  4:44  Assimilator  
  60  4:46  Pylon  
  60  4:49  Assimilator  
  60  4:56  Adept  
  60  4:57  Adept  
  60  4:58  Probe  
  65  5:00  Pylon  
  65  5:05  Probe  
  66  5:10  Probe  
  67  5:18  Adept x2  
  67  5:19  Adept x2  
  67  5:20  Probe (Chrono Boost)  
  76  5:25  Probe (Chrono Boost)  
  78  5:28  Shield Battery  
  78  5:30  Probe (Chrono Boost)  
  78  5:34  Probe x2 (Chrono Boost)  
  80  5:38  Probe (Chrono Boost)  
  80  5:42  Adept x4  
  89  5:47  Shield Battery  
  89  5:53  Shield Battery  
  89  5:55  Shield Battery  
  89  5:58  Gateway  
  89  6:03  Sentry  
  89  6:04  Sentry x3  
  95  6:07  Gateway  
  95  6:27  Adept x4  
  93  6:35  Blink  
  93  6:38  Shield Battery  
  93  6:39  Pylon  
  93  6:43  Forge  
  92  6:50  Pylon  
  92  6:51  Pylon  
  92  7:07  Robotics Facility  
  92  7:28  Protoss Ground Weapons Level 1 (Chrono Boost)  
  92  7:30  Probe x2  
  92  7:33  Stalker x4  
  102  7:40  Nexus  
  102  7:52  Probe x2  
  88  8:01  Stalker x2  
  88  8:02  Pylon, Stalker x3  
  88  8:04  Probe  
  99  8:06  Pylon  
  99  8:09  Pylon  
  99  8:11  Pylon  
  99  8:17  Stalker  
  101  8:20  Immortal  
  105  8:27  Stalker x5  
  105  8:33  Shield Battery  
  115  8:34  Shield Battery  
  115  8:35  Probe x2  
  117  8:52  Probe  
  117  8:53  Probe x2, Assimilator  
  120  8:58  Warp Prism (Chrono Boost), Assimilator  
  120  9:00  Robotics Bay  
  120  9:01  Robotics Facility  
  118  9:06  Adept  
  118  9:08  Stalker  
  116  9:29  Immortal (Chrono Boost)  
  120  9:43  Stalker x3  
  120  9:44  Stalker x2  
  130  9:46  Pylon, Stalker  
  138  9:56  Disruptor (Chrono Boost)  
  138  10:11  Stalker  
  138  10:12  Stalker  
  138  10:14  Stalker  
  138  10:20  Stalker x3  
Tags
 
Add a new tag
Caveats
  • Supply blocks, unpowered buildings, or Contaminate may cause inaccurate times.
  • Supply counts are checked every 10 seconds.